 Dungeon Sprint DCSS version 0.30-a0-728-gc68057be0a (webtiles) character file.

Game seed: 9045243164921321084

5282 rocky1 the Bludgeoner (level 10, -3/128 HPs)
             Began as an Ogre Gladiator on Jan 31, 2023.
             Was the Champion of Cheibriados.
             Slain by a merfolk aquamancer
             ... wielding a +0 rapier
              (7 damage)
             ... in the Dungeon (Sprint VII: "The Pits").
             The game lasted 00:04:15 (1308 turns).

rocky1 the Bludgeoner (Ogre Gladiator)              Turns: 1308, Time: 00:04:15

Health: -3/128     AC:  5    Str: 39    XL:     10   Next: 63%
Magic:  19/19      EV: 11    Int: 24    God:    Cheibriados [******]
Gold:   0          SH:  0    Dex: 25    Spells: 9/9 levels left

rFire   . . .      SeeInvis .    q - +5 dire flail
rCold   . . .      Faith    .    (shield currently unavailable)
rNeg    . . .      Spirit   .    r - +0 troll leather armour {Pargi}
rPois   .          Reflect  .    c - +0 hat
rElec   .          Harm     .    (no cloak)
rCorr   .          Rampage  .    (gloves unavailable)
Will    +....      NoTele   +    (boots unavailable)
Stlth   ++                       (no amulet)
HPRegen 1.21/turn                (no ring)
MPRegen 0.16/turn                (no ring)

@: engulfed (cannot breathe), slowed, very slow
A: large, unfitting armour, tough skin 1
a: Renounce Religion, Bend Time, Temporal Distortion, Slouch, Step From Time


You were in the Dungeon.
You worshipped Cheibriados.
Cheibriados was exalted by your worship.
You visited 1 branch

Inventory:

Hand Weapons
 a - a +0 flail
 g - a +1 flail of protection
 o - a +2 mace
 q - a +5 dire flail (weapon)
 x - a +1 heavy broad axe
 y - a +2 dire flail of protection
 z - a +0 giant spiked club
Missiles
 d - a throwing net (quivered)
 e - a large rock
Armour
 b - a +0 robe
 c - a +0 hat (worn)
 r - a +0 troll leather armour (worn) {Pargi}
Jewellery
 s - a +3 ring of dexterity
 t - a +3 ring of protection
Scrolls
 k - a scroll of blinking
 m - 5 scrolls of amnesia
 n - a scroll of summoning
Potions
 f - 7 potions of curing
 h - a potion of haste
 i - 4 potions of magic
 j - 4 potions of berserk rage
 l - 2 potions of invisibility
 p - 5 potions of heal wounds
 u - 2 potions of resistance
 v - 2 potions of might
 w - a potion of mutation


   Skills:
 + Level 16.3 Fighting
 * Level 16.3 Maces & Flails
 - Level 2.0 Throwing
 - Level 2.6 Dodging
 + Level 13.3 Invocations


You had 9 spell levels left.
You didn't know any spells.
Your spell library was empty.

Dungeon Overview and Level Annotations

Branches:
Dungeon (1/1)

Altars:
Ashenzari
Cheibriados
Dithmenos
Elyvilon
Fedhas
Gozag
Hepliaklqana
Kikubaaqudgha
Makhleb
Nemelex Xobeh
Okawaru
Qazlal
Ru
Sif Muna
Trog
Uskayaw
Vehumet
Wu Jian
Xom
Yredelemnul
Zin
The Shining One
Jiyva
Lugonu


Innate Abilities, Weirdness & Mutations

You are too large for most types of armour.
You have tough skin. (AC +1)


Message History

* * * LOW HITPOINT WARNING * * *
Deactivating autopickup; reactivate with Ctrl-A.
The water elemental hits you.
* * * LOW HITPOINT WARNING * * *
The water elemental engulfs you in water!
You cannot call out to Cheibriados while unable to breathe.
Unknown command.
You cannot read scrolls while unable to breathe!
Unknown command.
You feel much better.
Your lungs strain for air!
Something hits you!
* * * LOW HITPOINT WARNING * * *
Something drains your vigour!
You feel yourself slow down. The water elemental barely misses you.
The water elemental closely misses you.
You open the door.
* * * LOW HITPOINT WARNING * * *
Your lungs strain for air!
Something completely misses you. The water elemental hits you!
* * * LOW HITPOINT WARNING * * *
The water elemental closely misses you. Something hits you.
* * * LOW HITPOINT WARNING * * *
The water elemental barely misses you.
You feel much better.
* * * LOW HITPOINT WARNING * * *
Your lungs strain for air!
The water elemental hits you.
* * * LOW HITPOINT WARNING * * *
Something hits you!!
* * * LOW HITPOINT WARNING * * *
Something drains your vigour!
You feel as though you will be slow longer.
The water elemental misses you. The water engulfing you falls away.
You gasp with relief as air once again reaches your lungs.
The water elemental hits you.
* * * LOW HITPOINT WARNING * * *
The water elemental engulfs you in water!
The merfolk aquamancer attacks as you move away!
The merfolk aquamancer hits you with a +0 rapier!
You die...

..........+ #..#......#
..........# ###''######
.##''##### ###########
.##......# #.........#
.##......# #....)..#
.###....## ####EEM#### .#
##''## ###..'@{E'..#
.###....###....##m##.....#
.##......#....##.J.##....#
###......÷....')....'....+
###......#....##...##....#
[###.†..###....##+## ...#
[# ##''## ###..+ #..# .#
#....# #### ### )##......#


You could see a merfolk aquamancer, a guardian mummy, 3 water elementals and an
endoplasm.

Vanquished Creatures
  A two-headed ogre (D)
  A bog body (D)
  A deep elf pyromancer (D)
  2 manticores (D)
  A black mamba (D)
  A demonic crawler (D)
  A gargoyle (D)
  An orange demon (D)
  Prince Ribbit (D)
  A shadow (D)
  A wyvern (D)
  A steam dragon (D)
  A warg (D)
  A floating eye (D)
  Pargi (D)
  An ice beast (D)
  2 sky beasts (D)
  A phantom (D)
  6 wights (D)
  A small abomination (D)
  An iron imp (D)
  An orc wizard (D)
  A mummy (D)
  3 adders (D)
  A river rat (D)
  An adder skeleton (D)
  An adder simulacrum (D)
  2 orcs (D)
  A bat skeleton (D)
  3 endoplasms (D)
  A hobgoblin (D)
  A ball python (D)
  A bat (D)
45 creatures vanquished.

Notes
Turn   | Place    | Note
-------+----------+-------------------------------------------
     0 | D        | rocky1 the Ogre Gladiator began the quest for the Orb.
     0 | D        | Reached XP level 1. HP: 22/22 MP: 1/1
    20 | D        | Reached XP level 2. HP: 32/32 MP: 2/2
    23 | D        | Found a bloodstained altar of Trog.
    23 | D        | Found a shimmering blue altar of Sif Muna.
    23 | D        | Found a viscous altar of Jiyva.
    23 | D        | Found a hazy altar of Hepliaklqana.
    23 | D        | Found an opulent altar of Gozag.
    24 | D        | Found a glowing golden altar of the Shining One.
    24 | D        | Found a glowing silver altar of Zin.
    24 | D        | Found a basalt altar of Yredelemnul.
    24 | D        | Found a shimmering altar of Xom.
    24 | D        | Found an ornate altar of the Wu Jian Council.
    24 | D        | Found a sacrificial altar of Ru.
    24 | D        | Found a stormy altar of Qazlal.
    24 | D        | Found an iron altar of Okawaru.
    24 | D        | Found a sparkling altar of Nemelex Xobeh.
    24 | D        | Found a burning altar of Makhleb.
    24 | D        | Found a blossoming altar of Fedhas.
    24 | D        | Found a white marble altar of Elyvilon.
    24 | D        | Found a shadowy altar of Dithmenos.
    24 | D        | Found a snail-covered altar of Cheibriados.
    27 | D        | Found a corrupted altar of Lugonu.
    27 | D        | Found a radiant altar of Vehumet.
    28 | D        | Found an ancient bone altar of Kikubaaqudgha.
    28 | D        | Found a hide-covered altar of Uskayaw.
    28 | D        | Found a broken altar of Ashenzari.
    35 | D        | Became a worshipper of Cheibriados the Contemplative
    79 | D        | Reached * piety under Cheibriados
   130 | D        | Reached skill level 5 in Fighting
   130 | D        | Reached skill level 5 in Maces & Flails
   130 | D        | Reached skill level 1 in Invocations
   130 | D        | Reached XP level 3. HP: 42/42 MP: 3/3
   130 | D        | Reached ** piety under Cheibriados
   152 | D        | Reached *** piety under Cheibriados
   161 | D        | Reached XP level 4. HP: 25/52 MP: 4/6
   163 | D        | Reached **** piety under Cheibriados
   238 | D        | Noticed a sky beast
   241 | D        | Reached XP level 5. HP: 58/62 MP: 1/8
   248 | D        | Reached ***** piety under Cheibriados
   250 | D        | Killed a sky beast
   251 | D        | Reached skill level 5 in Invocations
   251 | D        | Reached XP level 6. HP: 67/74 MP: 2/10
   530 | D        | Noticed an ice beast
   533 | D        | Killed an ice beast
   534 | D        | Reached skill level 10 in Fighting
   534 | D        | Reached skill level 10 in Maces & Flails
   534 | D        | Reached XP level 7. HP: 59/85 MP: 10/12
   608 | D        | Noticed a deep elf pyromancer
   616 | D        | Killed a deep elf pyromancer
   617 | D        | Reached XP level 8. HP: 80/97 MP: 2/14
   703 | D        | Noticed Pargi
   720 | D        | Killed Pargi
   721 | D        | Reached ****** piety under Cheibriados
   741 | D        | Noticed Prince Ribbit
   741 | D        | Noticed a demonic crawler
   744 | D        | Killed Prince Ribbit
   746 | D        | Killed a demonic crawler
   747 | D        | Reached skill level 10 in Invocations
   747 | D        | Reached XP level 9. HP: 49/110 MP: 5/16
  1016 | D        | Paralysed by a floating eye for 4 turns
  1023 | D        | Paralysed by a floating eye for 4 turns
  1048 | D        | Noticed an orange demon
  1048 | D        | Noticed a black mamba
  1052 | D        | Killed a black mamba
  1061 | D        | Killed an orange demon
  1093 | D        | Noticed a manticore
  1093 | D        | Noticed a bog body
  1100 | D        | Killed a bog body
  1101 | D        | Reached XP level 10. HP: 104/123 MP: 7/19
  1102 | D        | Killed a manticore
  1103 | D        | Reached skill level 15 in Fighting
  1103 | D        | Reached skill level 15 in Maces & Flails
  1192 | D        | Noticed a gargoyle
  1197 | D        | Killed a gargoyle
  1234 | D        | Noticed a two-headed ogre
  1234 | D        | Noticed a manticore
  1238 | D        | Killed a manticore
  1240 | D        | Killed a two-headed ogre
  1297 | D        | Noticed a merfolk aquamancer
  1307 | D        | HP: 6/128 [something (19)]
  1308 | D        | Slain by a merfolk aquamancer

Illustrated notes

Levels and vault maps discovered:
D:        pitsprint [storerooms_1, entrance_room_1, metal_vault_2, armoury_3,
          mini_pit_1, grid_room_1, main_hall_1, silver_pit, the_coven_1,
          the_vestibule_1, steel_vault_2, golden_pit, hallway_of_sentries,
          crystal_vault_4, iron_vault_4, final_vault]

Skill      XL: |  1  2  3  4  5  6  7  8  9 10 |
---------------+-------------------------------+-----
Fighting       | 4 5 6 7 8 10 11 13 14 16 | 16.3
Maces & Flails | 4 5 6 7 8 10 11 13 14 16 | 16.3
Invocations    | 1 2 4 5 7 8 10 12 13 | 13.3
Throwing       | |  2.0
Dodging        | |  2.6

Action                     |  1- 3 |  4- 6 |  7- 9 | 10-12 || total
---------------------------+-------+-------+-------+-------++-------
  Melee: Flail             |     5 |     8 |       |       ||    13
         Mace              |    23 |     3 |       |       ||    26
         Dire flail        |       |     6 |    42 |    15 ||    63
  Throw: Throwing net      |     2 |       |       |       ||     2
 Invoke: Slouch            |       |     1 |     7 |     3 ||    11
    Use: Potion            |     1 |       |       |     2 ||     3
   Stab: Sleeping          |       |       |     1 |       ||     1
 Armour: Robe              |     7 |     8 |     4 |       ||    19
         Troll leather arm |       |       |     5 |       ||     5
  Dodge: Dodged            |    10 |     7 |    34 |    13 ||    64

Table legend: (Time is in decaauts)
 A = Elapsed time spent in this place.
 B = Non-inter-level travel time spent in this place.
 C = Inter-level travel time spent in this place.
 D = Time resting spent in this place.
 E = Time spent auto-exploring this place.
 F = Levels seen in this place.
 G = Mean time per level.
                   A        B        C        D        E       F      G
               +--------+--------+--------+--------+--------+-----+--------+
         Total |   1512 |   1387 |    125 |    851 |      0 |   1 | 1512.0 |
       Dungeon |   1512 |   1387 |    125 |    851 |      0 |   1 | 1512.0 |
               +--------+--------+--------+--------+--------+-----+--------+

Top non-repeatable levels by time:
       D: 1512 daAuts
